 Dungeon Crawl Stone Soup version 0.23.0 (webtiles) character file.

Game seed: 8006712015502445883

77 doot the Poker (level 4, -2/34 HPs)
             Began as a Merfolk Gladiator on Feb 11, 2019.
             Slain by a sky beast (6 damage)
             ... on level 4 of the Dungeon.
             The game lasted 00:02:41 (1044 turns).

doot the Poker (Merfolk Gladiator)                  Turns: 1044, Time: 00:02:42

Health: -2/34      AC:  4    Str: 14    XL:     4   Next: 34%
Magic:  4/4        EV: 18    Int:  8    God:
Gold:   101        SH:  0    Dex: 15    Spells: 3/3 levels left

rFire    . . .     SeeInvis .   a - +0 trident
rCold    . . .     Gourm    .   (no shield)
rNeg     . . .     Faith    .   b - +0 leather armour
rPois    .         Spirit   .   c - +0 helmet
rElec    .         Reflect  .   (no cloak)
rCorr    .         Harm     .   (no gloves)
MR       .....                  (boots currently unavailable)
Stlth    ++........             (no amulet)
HPRegen  0.11/turn              (no ring)
MPRegen  0.09/turn              (no ring)

@: very quick
A: change form in water, swift swim, stealthy swim
a: no special abilities


You were on level 4 of the Dungeon.
You were hungry.

You visited 1 branch of the dungeon, and saw 4 of its levels.

You collected 101 gold pieces.

Inventory:

Hand Weapons
 a - a +0 trident (weapon)
Missiles
 d - 5 throwing nets (quivered)
Armour
 b - a +0 leather armour (worn)
 c - a +0 helmet (worn)
Wands
 m - a wand of paralysis (4)
Scrolls
 e - 3 scrolls of remove curse {unknown}
 j - a scroll of identify {unknown}
 n - a scroll of magic mapping {unknown}
Potions
 g - 2 potions of lignification {unknown}
 i - a potion of heal wounds {unknown}
 k - 2 potions of magic
 l - a potion of invisibility {unknown}
Comestibles
 f - 4 rations
 h - 5 chunks of flesh


   Skills:
 + Level 2.6 Fighting
 + Level 5.7 Polearms
 + Level 2.3 Throwing
 + Level 0.2 Armour
 + Level 5.1 Dodging


You had 3 spell levels left.
You didn't know any spells.
Your spell library was empty.

Dungeon Overview and Level Annotations

Branches:
Dungeon (4/15)
 Temple: D:4-7

Altars:
Hepliaklqana
Kikubaaqudgha
Okawaru


Message History

You puncture the sky beast!
The sky beast is severely wounded.
The sky beast hits you. The sky beast shocks you.
Your leather armour prevents you from hitting the sky beast.
The sky beast is severely wounded.
The sky beast flickers out of sight!
Deactivating autopickup; reactivate with Ctrl-A.
Something hits you. Something shocks you.
You hit something but do no damage. Something hits you but does no damage.
You hit something. Something barely misses you.
Evoke which item? (* to show all) (? for menu, Esc to quit)
Attack whom?
Press: ? - help, Dir - move target cursor You reach to attack!
You miss something. Something hits you. Something shocks you.
* * * LOW HITPOINT WARNING * * *
It was a potion of magic.
Magic courses through your body. Something hits you.
* * * LOW HITPOINT WARNING * * *
Something shocks you.
You die... ♣♣PP.# #>.# #.# #.# ♣PPP≈

#..# ##.## #.#
♣PP####..##
#...#######.#
♣P≈PP##...#
#.....[.....#
≈.PP≈≈♣≈≈P≈PP#.#
#...#######.#
###PPP≈♣≈≈≈PP≈.###.###
#.. ###..PP≈♣≈≈P..##.#
### ###.P.PPP≈...#.#
#....PP≈P@≈....#
...###.#P.P..<..# ....
#.......#..# ###
#.####.##..# ...#
#.##..# ### #.##..#
#.##..# #.##..#


There were no monsters in sight!

Vanquished Creatures
  3 adders
  A worm (D:2)
  A leopard gecko (D:2)
  2 orcs (D:4)
  2 bats (D:3)
  2 giant cockroaches
  5 goblins
  7 hobgoblins
  8 jackals (D:3)
  2 kobolds (D:3)
  A quokka (D:4)
  2 frilled lizards (D:3)
  A rat (D:2)
  A plant (D:4)
  A withered plant (D:4)
39 creatures vanquished.

Vanquished Creatures (others)
  A plant (D:4)
1 creature vanquished.

Grand Total: 40 creatures vanquished

Notes
Turn   | Place    | Note
-------+----------+-------------------------------------------
     0 | D:1      | doot the Merfolk Gladiator began the quest for the Orb.
     0 | D:1      | Reached XP level 1. HP: 16/16 MP: 1/1
    76 | D:2      | Reached XP level 2. HP: 19/22 MP: 2/2
   272 | D:2      | Reached XP level 3. HP: 28/28 MP: 3/3
   297 | D:2      | Reached skill level 5 in Polearms
   508 | D:3      | Found a hazy altar of Hepliaklqana.
   656 | D:3      | Reached XP level 4. HP: 33/34 MP: 4/4
   832 | D:4      | Reached skill level 5 in Dodging
   867 | D:4      | Found an ancient bone altar of Kikubaaqudgha.
   867 | D:4      | Found an iron altar of Okawaru.
   996 | D:4      | Noticed a sky beast
  1044 | D:4      | Slain by a sky beast

Skill      XL: |  1  2  3  4 |
---------------+-------------+-----
Polearms       | 5 |  5.7
Dodging        | 5 |  5.1
Fighting       | |  2.6
Throwing       | |  2.3
Armour         | |  0.2

Action                   |  1- 3 |  4- 6 || total
-------------------------+-------+-------++-------
Melee: Trident           |    93 |   132 ||   225
       Tailslap          |       |    21 ||    21
  Use: Potion            |       |     1 ||     1
 Stab: Distracted        |     1 |       ||     1
Armor: Leather armour    |    21 |     8 ||    29
Dodge: Dodged            |    75 |    16 ||    91
